cohdb
Replays
Latest Replays
All Replays
Popular Replays
Top Player Replays
Match Explorer
How It Works
Community
CoH3 Stats
Reddit
Sign in to upload your games and track your stats! →
Sign in with Steam
Match 42556292
Unlisted
Match 42556292
Overview
Messages
Build Orders
End
Panzergrenadier Squad
Panzergrenadier Squad
Panzergrenadier Squad
Construct Light Support Kompanie
MG34 Team
2.5-tonne Medical Truck
Selects Panzerjäger Kommand Battlegroup
Selects Tank Busters
Panzerjäger Mechanized Group
Forward Retreat Point
Fire Support Elements
Selects Crew Shock Tactics
Veteran Squad Leaders
Construct Panzerarmee Kommand
Tungsten Core Ammunition
Selects Anti-tank Overwatch
Armored Reserves
Rapid Advance
Anti-tank Overwatch
MuniekPL
Papa Shango
Husar
Dr. Rex Sau
myszowski
gitter94
0
0
Comments
sign in to comment!
No comments posted yet!